 Dungeon Crawl Stone Soup version 0.26-a0-663-g36e8fdb655 (webtiles) character file.

Game seed: 6860388060847720599

2790 Gargoyl the Fighter (level 9, -4/81 HPs)
             Began as a Gnoll Abyssal Knight on Oct 11, 2020.
             Was an Elder of Lugonu.
             Killed by divine providence
             ... invoked by an orc priest
              (12 damage)
             ... on level 8 of the Dungeon.
             The game lasted 00:12:09 (9050 turns).

Gargoyl the Fighter (Gnoll Abyssal Knight)          Turns: 9050, Time: 00:12:10

Health: -4/81      AC: 17    Str: 19    XL:     9   Next: 71%
Magic:  15/15      EV:  8    Int: 14    God:    Lugonu [****..]
Gold:   405        SH: 10    Dex: 14    Spells: 17/17 levels left

rFire    . . .     SeeInvis .   a - +3 hand axe
rCold    . . .     Faith    .   b - +0 kite shield
rNeg     . . .     Spirit   .   e - +0 plate armour
rPois    +         Reflect  .   (no helmet)
rElec    .         Harm     .   (no cloak)
rCorr    .         Rampage  .   B - +0 pair of gloves
MR       +....     Rnd*Rage +   l - +1 pair of boots
Stlth    ..........             i - amulet of magic regeneration
HPRegen  0.23/turn              t - ring of protection from magic
MPRegen  0.39/turn              x - ring of poison resistance

@: no status effects
A: distributed training, fangs 1, repulsion field 1, berserk 1, robust 1, shaggy
fur 1, strong nose
a: Depart the Abyss, Bend Space, Banish, Corrupt, Renounce Religion


You were on level 8 of the Dungeon.
You worshipped Lugonu.
Lugonu was greatly pleased with you.
You visited 1 branch of the dungeon, and saw 8 of its levels.
You visited the Abyss 1 time.

You collected 405 gold pieces.

Inventory:

Hand Weapons
 a - a +3 hand axe (weapon)
 y - a +0 war axe
Missiles
 h - 29 poisoned darts (quivered)
Armour
 b - a +0 kite shield (worn)
 e - a +0 plate armour (worn)
 l - a +1 pair of boots (worn)
 B - a +0 pair of gloves (worn)
Jewellery
 i - an amulet of magic regeneration (around neck)
 t - a ring of protection from magic (left hand)
 w - an uncursed ring of protection from cold {unknown}
 x - a ring of poison resistance (right hand)
 C - an uncursed ring of fire {unknown}
Wands
 s - a wand of random effects (20)
 z - a wand of paralysis (7)
Scrolls
 d - a scroll of identify
 m - 2 scrolls of blinking
 o - 2 scrolls of remove curse
 q - 4 scrolls of teleportation
 r - a scroll of fear
 D - a scroll of magic mapping {unknown}
Potions
 c - 2 potions of haste
 f - 2 potions of heal wounds
 g - a potion of stabbing
 j - 2 potions of brilliance
 k - 2 potions of berserk rage
 n - 2 potions of lignification
 p - 3 potions of resistance
 u - a potion of might
 v - a potion of cancellation
 A - 2 potions of magic {unknown}


   Skills:
 + Level 8.0 Fighting
 + Level 4.5 Short Blades
 + Level 4.5 Long Blades
 + Level 6.5 Axes
 + Level 4.5 Maces & Flails
 + Level 4.5 Polearms
 + Level 4.5 Staves
 + Level 4.5 Slings
 + Level 4.5 Bows
 + Level 4.5 Crossbows
 + Level 4.5 Throwing
 + Level 6.5 Armour
 + Level 5.2 Dodging
 + Level 4.5 Stealth
 + Level 4.5 Shields
 + Level 4.5 Unarmed Combat
 + Level 4.5 Spellcasting
 + Level 3.7 Conjurations
 + Level 3.7 Hexes
 + Level 3.7 Summonings
 + Level 3.7 Necromancy
 + Level 3.7 Translocations
 + Level 3.7 Transmutations
 + Level 3.7 Fire Magic
 + Level 3.7 Ice Magic
 + Level 3.7 Air Magic
 + Level 3.7 Earth Magic
 + Level 3.7 Poison Magic
 + Level 6.8 Invocations
 + Level 4.5 Evocations


You had 17 spell levels left.
You didn't know any spells.
Your spell library contained the following spells:

 Spells                   Type           Power        Failure   Level
 Sandblast                Erth           ##....       99%         1
 Passwall                 Tmut/Erth      ##......     99%         2
 Stone Arrow              Conj/Erth      ##....       100%        3
 Petrify                  Tmut/Erth      ##......     100%        4
 Lee's Rapid Deconstruct  Erth           ##........   100%        5


Dungeon Overview and Level Annotations

Branches:
Dungeon (8/15)             Temple (0/1) D:7
   Lair: D:8-11

Altars:
Fedhas
Gozag
Kikubaaqudgha
Nemelex Xobeh
Trog
Wu Jian
Xom

Shops:
D:6 =


Innate Abilities, Weirdness & Mutations

Your experience applies equally to all skills.
You have very sharp teeth.
Your uncanny sense of smell can sniff out nearby items.
You are surrounded by a mild repulsion field. (EV +2)
You tend to lose your temper in combat.
You are robust. (+10% HP)
You are covered in fur. (AC +1)


Message History

You barely miss the orc priest.
The orc priest is moderately wounded.
The orc priest barely misses you.
You hit the orc priest but do no damage.
Your bite misses the orc priest.
The orc priest is moderately wounded.
The orc priest invokes the aid of Beogh against you.
Beogh smites you!
* * * LOW HITPOINT WARNING * * *
You hit the orc priest but do no damage.
You bite the orc priest, but do no damage.
The orc priest is moderately wounded.
The orc priest hits you.
* * * LOW HITPOINT WARNING * * *
The orc priest hits you but does no damage.
You hit the orc priest but do no damage.
The orc priest is moderately wounded.
The orc priest mumbles some strange prayers to Beogh against you.
Beogh smites you!
You die...

[####.##.##
.......#.#
.#...#...# ###
....###..# ..#
##...#..#### #.#
...........# #.#
......####.# #.#
###.### #.# #o#
#.# #.# #@# #.#
#.# #.#
#.######.# #.#
#........# #.#
#.############.#
###.# #.....(#
....# #.######
###.# #.# #)#
#.#


You could see an orc priest.

Vanquished Creatures
  Grinder (D:5)
  4 ice beasts
  An orc warrior (D:7)
  4 ogres
  A phantom (D:6)
  2 centaurs
  A gnoll sergeant (D:8)
  4 bullfrogs
  A water moccasin zombie (D:5)
  7 wights
  A hound (D:8)
  A quasit (D:8)
  2 jellies
  7 orc wizards
  A gnoll shaman (D:2)
  An orc priest (D:8)
  A centaur skeleton (D:4)
  An iguana (D:7)
  3 worker ants
  A hound skeleton (D:6)
  9 gnolls
  A howler monkey zombie (D:5)
  10 adders
  A shadow imp (D:8)
  2 white imps (D:6)
  2 ufetubi
  An ooze (D:2)
  5 worms
  7 dart slugs
  3 leopard geckos
  18 orcs
  12 bats
  4 giant cockroaches
  4 goblins
  8 hobgoblins
  13 jackals
  5 quokkas
  A ball python (D:5)
  5 frilled lizards
  A jackal zombie (D:6)
  7 kobolds
  10 rats
174 creatures vanquished.

Vanquished Creatures (others)
  6 fungi (D:5)
  2 plants (D:5)
  2 withered plants (D:2)
10 creatures vanquished.

Grand Total: 184 creatures vanquished

Notes
Turn   | Place    | Note
-------+----------+-------------------------------------------
     0 | Abyss:1  | Gargoyl the Gnoll Abyssal Knight began the quest for the
                  | Orb.
     0 | Abyss:1  | Reached XP level 1. HP: 23/23 MP: 3/3
    42 | Abyss:1  | Noticed a large abomination
    83 | Abyss:2  | Noticed a wretched star
    88 | D:1      | Escaped the Abyss
   533 | D:1      | Reached * piety under Lugonu
   533 | D:1      | Reached XP level 2. HP: 29/29 MP: 4/4
   550 | D:1      | You fall into a shaft and drop 1 floor!
   856 | D:2      | Found an ancient bone altar of Kikubaaqudgha.
   942 | D:1      | Found a shimmering altar of Xom.
   953 | D:1      | Reached XP level 3. HP: 29/35 MP: 5/5
  1884 | D:2      | Reached ** piety under Lugonu
  1898 | D:2      | Reached skill level 1 in Short Blades
  1898 | D:2      | Reached skill level 1 in Long Blades
  1898 | D:2      | Reached skill level 1 in Maces & Flails
  1898 | D:2      | Reached skill level 1 in Polearms
  1898 | D:2      | Reached skill level 1 in Staves
  1898 | D:2      | Reached skill level 1 in Slings
  1898 | D:2      | Reached skill level 1 in Bows
  1898 | D:2      | Reached skill level 1 in Crossbows
  1898 | D:2      | Reached skill level 1 in Throwing
  1898 | D:2      | Reached skill level 1 in Stealth
  1898 | D:2      | Reached skill level 1 in Shields
  1898 | D:2      | Reached skill level 1 in Unarmed Combat
  1898 | D:2      | Reached skill level 1 in Spellcasting
  1898 | D:2      | Reached skill level 1 in Evocations
  1898 | D:2      | Reached XP level 4. HP: 41/41 MP: 5/5
  2711 | D:3      | Reached skill level 1 in Conjurations
  2711 | D:3      | Reached skill level 1 in Hexes
  2711 | D:3      | Reached skill level 1 in Summonings
  2711 | D:3      | Reached skill level 1 in Necromancy
  2711 | D:3      | Reached skill level 1 in Translocations
  2711 | D:3      | Reached skill level 1 in Transmutations
  2711 | D:3      | Reached skill level 1 in Fire Magic
  2711 | D:3      | Reached skill level 1 in Ice Magic
  2711 | D:3      | Reached skill level 1 in Air Magic
  2711 | D:3      | Reached skill level 1 in Earth Magic
  2711 | D:3      | Reached skill level 1 in Poison Magic
  2727 | D:3      | Reached XP level 5. HP: 42/47 MP: 7/7
  3074 | D:3      | Reached *** piety under Lugonu
  3511 | D:2      | Reached skill level 5 in Invocations
  3577 | D:3      | Reached XP level 6. HP: 33/53 MP: 8/8
  4020 | D:4      | Found a bloodstained altar of Trog.
  4246 | D:4      | Reached skill level 5 in Axes
  4246 | D:4      | Reached skill level 5 in Armour
  5021 | D:5      | Entered Level 5 of the Dungeon
  5021 | D:5      | Found a blossoming altar of Fedhas.
  5184 | D:5      | Reached XP level 7. HP: 29/59 MP: 10/10
  5463 | D:5      | Reached skill level 7 in Fighting
  5788 | D:5      | Noticed Grinder
  5814 | D:5      | Killed Grinder
  6011 | D:6      | Reached XP level 8. HP: 59/67 MP: 12/12
  6390 | D:6      | Found Piycwek's Jewellery Shop.
  6408 | D:6      | Gained mutation: You are covered in fur. (AC +1) [potion of
                  | mutation]
  6408 | D:6      | Gained mutation: You tend to lose your temper in combat.
                  | [potion of mutation]
  6408 | D:6      | Gained mutation: You are robust. (+10% HP) [potion of
                  | mutation]
  6408 | D:6      | Gained mutation: You are surrounded by a mild repulsion
                  | field. (EV +2) [potion of mutation]
  6649 | D:6      | Reached **** piety under Lugonu
  6722 | D:6      | Found a sparkling altar of Nemelex Xobeh.
  6722 | D:6      | Found an opulent altar of Gozag.
  6786 | D:7      | Found a staircase to the Ecumenical Temple.
  7048 | D:7      | Reached XP level 9. HP: 41/80 MP: 14/14
  7882 | D:7      | Found an ornate altar of the Wu Jian Council.
  8073 | D:7      | Reached skill level 5 in Dodging
  8722 | D:8      | Reached skill level 8 in Fighting
  9050 | D:8      | Killed from afar by an orc priest

Illustrated notes

Levels and vault maps discovered:
D:1:      dpeg_arrival_arbitrary_b, layout_loops_ring, xom_teletrap_fun
D:2:      layout_basic, kiku_gazebo_garden_becter
D:3:      layout_basic
D:4:      layout_loops_corners, lemuel_altar_in_water
D:5:      layout_rooms, fedhas_altar_3, uniq_grinder
D:6:      layout_loops_ring, grunt_temple_overflow_opulence, serial_shops,
          shop_fountains
D:7:      layout_basic, old_standard_altar, minmay_temple_entry_crystal_x,
          minmay_misc_feat_pillars, kennysheep_big_empty_room,
          nrook_pool_corridor
D:8:      layout_loops_ring, wad_floor_pattern_untrapped

Skill      XL: |  1  2  3  4  5  6  7  8  9 |
---------------+----------------------------+-----
Short Blades   | 1 2 3 4 |  4.5
Long Blades    | 1 2 3 4 |  4.5
Maces & Flails | 1 2 3 4 |  4.5
Polearms       | 1 2 3 4 |  4.5
Staves         | 1 2 3 4 |  4.5
Slings         | 1 2 3 4 |  4.5
Bows           | 1 2 3 4 |  4.5
Crossbows      | 1 2 3 4 |  4.5
Throwing       | 1 2 3 4 |  4.5
Stealth        | 1 2 3 4 |  4.5
Shields        | 1 2 3 4 |  4.5
Unarmed Combat | 1 2 3 4 |  4.5
Spellcasting   | 1 2 3 4 |  4.5
Evocations     | 1 2 3 4 |  4.5
Conjurations   | 1 2 3 |  3.7
Hexes          | 1 2 3 |  3.7
Summonings     | 1 2 3 |  3.7
Necromancy     | 1 2 3 |  3.7
Translocations | 1 2 3 |  3.7
Transmutations | 1 2 3 |  3.7
Fire Magic     | 1 2 3 |  3.7
Ice Magic      | 1 2 3 |  3.7
Air Magic      | 1 2 3 |  3.7
Earth Magic    | 1 2 3 |  3.7
Poison Magic   | 1 2 3 |  3.7
Dodging        | 3 4 5 |  5.2
Invocations    | 5 6 |  6.8
Axes           | 5 6 |  6.5
Armour         | 5 6 |  6.5
Fighting       | 7 8 |  8.0

Action                   |  1- 3 |  4- 6 |  7- 9 || total
-------------------------+-------+-------+-------++-------
Melee: Hand axe          |   124 |   259 |   414 ||   797
       Bite              |    11 |    32 |    60 ||   103
       Punch             |       |     1 |       ||     1
Throw: Dart              |       |     6 |     8 ||    14
Invok: Depart the Abyss  |     1 |       |       ||     1
  Use: Scroll            |     7 |     8 |     9 ||    24
       Potion            |     1 |       |     4 ||     5
Armor: Plate armour      |   143 |   183 |   251 ||   577
Dodge: Dodged            |    28 |    90 |   110 ||   228
Block: Kite shield       |       |       |   180 ||   180

Table legend: (Time is in decaauts)
 A = Elapsed time spent in this place.
 B = Non-inter-level travel time spent in this place.
 C = Inter-level travel time spent in this place.
 D = Time resting spent in this place.
 E = Time spent auto-exploring this place.
 F = Levels seen in this place.
 G = Mean time per level.
                   A        B        C        D        E       F      G
               +--------+--------+--------+--------+--------+-----+--------+
         Total |   9134 |   8958 |    176 |   1937 |   5234 |  10 |  913.4 |
       Dungeon |   9046 |   8870 |    176 |   1937 |   5171 |   8 | 1130.8 |
         Abyss |     87 |     87 |      0 |      0 |     63 |   2 |   43.5 |
               +--------+--------+--------+--------+--------+-----+--------+

Top non-repeatable levels by time:
     D:1: 1663 daAuts
     D:7: 1268 daAuts
     D:3: 1232 daAuts
     D:2: 1056 daAuts
     D:8: 1043 daAuts
     D:4: 1007 daAuts
     D:5: 963 daAuts
     D:6: 810 daAuts
 Abyss:1: 48 daAuts
 Abyss:2: 39 daAuts
